 Dungeon Crawl Stone Soup version 0.21.0 (webtiles) character file.

169 tidbits the Sneak (level 5, 9/21 HPs)
             Began as a Felid Air Elementalist on Jan 7, 2018.
             Quit the game on level 5 of the Dungeon.
             The game lasted 00:06:38 (2148 turns).

tidbits the Sneak (Felid Air Elementalist)          Turns: 2148, Time: 00:06:39

Health: 9/21       AC:  1    Str:  5    XL:     5   Next: 25%
Magic:  9/9        EV: 18    Int: 16    God:
Gold:   106        SH:  0    Dex: 17    Spells: 5/8 levels left
                                        Lives:  1   Deaths: 0

rFire    . . .     SeeInvis +     - Unarmed
rCold    . . .     Gourm    .   (shield unavailable)
rNeg     . . .     Faith    .   (armour unavailable)
rPois    .         Spirit   .   (helmet unavailable)
rElec    .         Reflect  .   (cloak unavailable)
rCorr    .         Harm     .   (gloves unavailable)
MR       .....                  (boots unavailable)
Stlth    ++++......             (no amulet)
HPRegen  0.07/turn              (no ring)
MPRegen  0.11/turn              (no ring)

@: quick
A: very small, no armour, no weapons or thrown items, stealth, claws 1, fangs 3,
see invisible, carnivore, speed 1, shaggy fur 1, slow metabolism 1, sharp paws
a: no special abilities


You were on level 5 of the Dungeon.
You were completely stuffed.

You visited 1 branch of the dungeon, and saw 5 of its levels.

You collected 106 gold pieces.

Inventory:

Scrolls
 c - 3 scrolls of teleportation {unknown}
 f - 3 scrolls of identify {unknown}
 h - a scroll of fear {unknown}
 i - 3 scrolls of remove curse {unknown}
 j - a scroll of amnesia {unknown}
 k - a scroll of enchant armour {unknown}
Potions
 d - 2 potions of curing {unknown}
 e - a potion of ambrosia {unknown}
 g - a potion of cancellation {unknown}
 l - a potion of heal wounds {unknown}
Books
 a - a book of Air

   Spells                             Type                      Level
   a - Shock                          Conjuration/Air              1
   b - Swiftness                      Charms/Air                   2
   c - Static Discharge               Conjuration/Air              3
   d - Airstrike                      Air                          4
   e - Lightning Bolt                 Conjuration/Air              5
Comestibles
 b - 5 rations
 m - a chunk of flesh


   Skills:
 - Level 2.6 Dodging
 + Level 5.9 Stealth
 + Level 3.4 Unarmed Combat
 - Level 2.0 Spellcasting
 - Level 0.8 Conjurations
 - Level 2.6 Air Magic


You had 5 spell levels left.
You knew the following spells:

 Your Spells              Type           Power        Failure   Level  Hunger
a - Shock                 Conj/Air       #...         10%         1    #......
W - Swiftness             Chrm/Air       #.......     19%         2    ###....


Dungeon Overview and Level Annotations

Branches:
Dungeon (5/15)
 Temple: D:4-7

Altars:
Elyvilon
Vehumet
Xom


Innate Abilities, Weirdness & Mutations

You cannot wear armour.
You are incapable of wielding weapons or throwing items.
Your paws allow you to move quietly. (Stealth)
You have sharp claws.
You have razor-sharp teeth.
You have supernaturally acute eyesight. (SInv)
You are carnivorous and can eat meat at any time.
You cover ground quickly.
You are covered in fur. (AC +1)
You have a slow metabolism.
Your sharp claws are effective at attacking unaware monsters.


Message History

The worker ant zombie is severely damaged.
The worker ant zombie bites you.
* * * LOW HITPOINT WARNING * * *
You are too injured to fight recklessly!
You are too injured to fight recklessly!
You are too injured to fight recklessly!
You are too injured to fight recklessly!
You are too injured to fight recklessly!
You are too injured to fight recklessly!
You are too injured to fight recklessly!
You are too injured to fight recklessly!
You are too injured to fight recklessly!
You are too injured to fight recklessly!
You are too injured to fight recklessly!
You are too injured to fight recklessly!
You are too injured to fight recklessly!
You are too injured to fight recklessly!
You are too injured to fight recklessly!
You are too injured to fight recklessly!
You are too injured to fight recklessly!
You scratch the worker ant zombie. Your claw misses the worker ant zombie.
The worker ant zombie is almost destroyed.
The worker ant zombie bites you.
* * * LOW HITPOINT WARNING * * *
You scratch the worker ant zombie.
You destroy the worker ant zombie!
Wield which item (- for none, * to show all)? (? for menu, Esc to quit)
c - 2 scrolls labeled SIXUKH PIRASCH (in mouth)
You swing at nothing.
You swing at nothing.
You swing at nothing.
You swing at nothing.
You swing at nothing.
You swing at nothing.
You swing at nothing.
You swing at nothing.
You swing at nothing.
You swing at nothing.
You swing at nothing.
You swing at nothing.
You swing at nothing.
You swing at nothing.
You swing at nothing.
You swing at nothing.
Some of the chunks of flesh in your inventory have rotted away.
You swing at nothing.
You swing at nothing.
You swing at nothing.
You swing at nothing.
You swing at nothing.
You swing at nothing.
You swing at nothing.
You swing at nothing.
You swing at nothing.
You swing at nothing.
You swing at nothing.
You swing at nothing.
You swing at nothing.
You swing at nothing.
You swing at nothing.
You swing at nothing.
Some of the chunks of flesh in your inventory have rotted away.
You swing at nothing.
You swing at nothing.
You swing at nothing.
You swing at nothing.
You swing at nothing.
You swing at nothing.
You swing at nothing.
You swing at nothing.
You swing at nothing.
You swing at nothing.
You swing at nothing.
You swing at nothing.
You swing at nothing.
You swing at nothing.
You swing at nothing.
You swing at nothing.
You swing at nothing.
You swing at nothing.
You swing at nothing.
You swing at nothing.
You swing at nothing.
You swing at nothing.
You swing at nothing.
You swing at nothing.
You swing at nothing.
You swing at nothing.
You swing at nothing.
You swing at nothing.
You swing at nothing.
You swing at nothing.
c - 3 scrolls labeled SIXUKH PIRASCH (gained 1)
You now have 106 gold pieces (gained 7). 3 orcs come into view.
You see here a smoky black potion.
Wield which item (- for none, * to show all)? (? for menu, Esc to quit)
Your mouth is now empty.
Unknown command.
Are you sure you want to abandon this character and quit the game? (Confirm with "yes".)

######### #.......#
#####.#####.#
......#####.#######
#####.##........@.#
....#....##.#####.#
###.#.### #.# ...
## .#.. ..# .....
.##.### #### ....##
....# .oo.# .#..#
..#.# ....# .o...
.#..#


You could see 3 orcs.

Vanquished Creatures
  A worker ant (D:5)
  Jessica (D:2)
  A worker ant zombie (D:5)
  3 gnolls (D:2)
  2 adders (D:2)
  An ooze (D:1)
  A dart slug (D:2)
  2 leopard geckos
  An orc (D:3)
  6 giant cockroaches
  7 goblins
  5 hobgoblins
  7 kobolds
  A quokka (D:3)
  5 bats
  7 frilled lizards
  5 rats
56 creatures vanquished.

Notes
Turn   | Place    | Note
-------+----------+-------------------------------------------
     0 | D:1      | tidbits the Felid Air Elementalist began the quest for the Orb.
     0 | D:1      | Reached XP level 1. HP: 7/7 MP: 4/4
   183 | D:1      | Reached skill level 3 in Stealth
   298 | D:1      | Reached skill level 1 in Unarmed Combat
   298 | D:1      | Reached XP level 2. HP: 10/11 MP: 1/6
   302 | D:1      | Learned a level 2 spell: Swiftness
   419 | D:1      | Found a shimmering altar of Xom.
   421 | D:1      | Found a hide-covered altar of Uskayaw.
   421 | D:1      | Found an opulent altar of Gozag.
   423 | D:1      | Found a radiant altar of Vehumet.
   423 | D:1      | Found a hide-covered altar of Uskayaw.
   423 | D:1      | Found a snail-covered altar of Cheibriados.
   906 | D:1      | Reached skill level 4 in Stealth
  1019 | D:2      | Reached XP level 3. HP: 10/14 MP: 3/7
  1082 | D:2      | Reached skill level 2 in Unarmed Combat
  1107 | D:2      | Noticed Jessica
  1117 | D:2      | Found a white marble altar of Elyvilon.
  1123 | D:2      | Killed Jessica
  1224 | D:2      | Reached XP level 4. HP: 18/18 MP: 2/8
  1272 | D:2      | HP: 1/18 [dart slug/slug dart (8)]
  1416 | D:2      | Reached skill level 5 in Stealth
  1799 | D:2      | Reached skill level 3 in Unarmed Combat
  2016 | D:5      | Entered Level 5 of the Dungeon
  2018 | D:5      | Reached XP level 5. HP: 19/21 MP: 9/9
  2054 | D:5      | HP: 1/21 [worker ant zombie (4)]
  2148 | D:5      | Quit the game

Skill      XL: |  1  2  3  4 |
---------------+-------------+-----
Stealth        | 3 4 5 |  5.9
Unarmed Combat | 1 2 3 |  3.4
Dodging        | |  2.6
Spellcasting   | |  2.0
Conjurations   | |  0.8
Air Magic      | |  2.6

Action                   |  1- 3 |  4- 6 || total
-------------------------+-------+-------++-------
Melee: Unarmed           |    46 |    41 ||    87
       Bite              |     3 |     3 ||     6
 Cast: Shock             |    28 |    35 ||    63
 Stab: Sleeping          |     7 |     6 ||    13
  Eat: Chunk             |     9 |     3 ||    12
Armor: Skin              |     3 |     2 ||     5
Dodge: Dodged            |    33 |    54 ||    87

Table legend:
 A = Turns spent in this place as a percentage of turns spent in the entire game.
 B = Non-inter-level travel turns spent in this place as a percentage of non-inter-level travel turns spent in the entire game.
 C = Inter-level travel turns spent in this place as a percentage of turns spent in this place.
 D = Turns resting spent in this place as a percentage of non-inter-level travel turns spent in this place.
 E = Turns spent auto-exploring this place as a percentage of non-inter-level travel turns spent in this place.
 F = Non-inter-level travel turns spent in this place divided by the number of levels of this place that you've seen.
                   A       B       C       D       E      F
               +-------+-------+-------+-------+-------+----------------------
         Total | 100.0 | 100.0 |   2.7 |   0.0 |  54.4 | 418.2
       Dungeon | 100.0 | 100.0 |   2.7 |   0.0 |  54.4 | 418.2
               +-------+-------+-------+-------+-------+----------------------

Table legend:
 A = Kills in this place as a percentage of kills in entire the game.
 B = Kills by you in this place as a percentage of kills by you in the entire game.
 C = Kills by friends in this place as a percentage of kills by friends in the entire game.
 D = Other kills in this place as a percentage of other kills in the entire game.
 E = Experience gained in this place as a percentage of experience gained in the entire game.
 F = Experience gained in this place divided by the number of levels of this place that you have seen.
                   A       B       C       D       E      F
               +-------+-------+-------+-------+-------+----------------------
         Total | 100.0 | 100.0 |   N/A |   N/A | 100.0 |  48.4
       Dungeon | 100.0 | 100.0 |   N/A |   N/A | 100.0 |  48.4
               +-------+-------+-------+-------+-------+----------------------

Vault maps used:
D:1:      saegor_arrival_under_anarchy, doesnt_xom_only_xom
D:2:      nicolae_overflow_crystal_walls, first_ration, uniq_jessica
D:3:      minmay_misc_feat_five, uniq_robin
D:4:      minmay_close_crescents
D:5:      uniq_pikel
